Map: Deathaura LE

Players

GetAnalysed - Winner!

  • Race: Protoss Protoss
  • League: Master
  • Spawn Location: 11:00

Guguss

  • Race: Zerg Zerg
  • League: Master
  • Spawn Location: 5:00

VOD

Have the link to the VOD?

Description

Time

  • Played on: June 10, 2020, 6:47 p.m.
  • Length: 11:04
Show
View Real Time Build Order
Export as new Build Order

GetAnalysed Protoss - Winner!

Build Orders: 1 Gate Expand, Oracle Opening, Phoenix Opening, Archon Immortal, Mass Phoenix 

Get SALT Encoding   

  12  0:00  Probe  
  13  0:12  Probe  
  14  0:19  Pylon  
  14  0:25  Probe  
  15  0:33  Probe  
  15  0:39  Gateway  
  15  0:41  Probe  
  16  0:47  Assimilator  
  17  0:51  Probe  
  18  1:04  Probe  
  19  1:16  Probe  
  20  1:23  Nexus  
  20  1:33  Cybernetics Core  
  20  1:36  Probe  
  21  1:43  Assimilator  
  21  1:48  Probe  
  22  1:55  Pylon  
  22  2:00  Probe  
  23  2:07  Adept  
  23  2:13  Probe  
  26  2:23  Stargate  
  26  2:25  Probe  
  27  2:33  Probe  
  27  2:34  Probe  
  27  2:36  Adept  
  28  2:41  Warp Gate, Probe  
  28  2:42  Probe  
  33  2:51  Probe x2  
  35  3:00  Phoenix  
  35  3:03  Probe x2  
  37  3:11  Pylon  
  39  3:15  Probe  
  39  3:16  Probe  
  41  3:21  Assimilator, Oracle  
  41  3:23  Assimilator  
  44  3:27  Probe  
  44  3:28  Probe  
  46  3:39  Probe  
  46  3:40  Probe  
  48  3:46  Gateway  
  48  3:48  Stargate  
  48  3:51  Probe  
  48  3:52  Probe  
  48  3:55  Pylon  
  50  4:01  Phoenix  
  52  4:04  Probe x2  
  52  4:07  Pylon  
  54  4:16  Probe x2  
  56  4:28  Probe x2  
  58  4:33  Phoenix x2  
  62  4:39  Pylon  
  62  4:40  Probe  
  62  4:42  Adept x2  
  67  4:54  Phoenix x2  
  67  4:56  Pylon  
  71  5:00  Pylon  
  71  5:01  Nexus  
  71  5:05  Probe  
  72  5:13  Phoenix x2  
  72  5:15  Probe  
  72  5:17  Probe  
  78  5:28  Probe  
  79  5:29  Probe, Robotics Facility  
  79  5:32  Robotics Facility  
  80  5:38  Phoenix x2  
  80  5:41  Probe  
  80  5:42  Probe  
  86  5:45  Shield Battery  
  86  5:53  Forge, Probe  
  86  5:54  Probe  
  88  6:05  Probe  
  88  6:06  Probe  
  88  6:17  Probe  
  89  6:18  Probe  
  89  6:19  Immortal x2  
  89  6:20  Probe  
  99  6:29  Probe  
  99  6:30  Probe  
  101  6:33  Probe  
  101  6:34  Protoss Ground Weapons Level 1  
  101  6:38  Gateway  
  101  6:39  Twilight Council  
  102  6:41  Probe  
  102  6:42  Pylon, Probe  
  102  6:44  Assimilator  
  102  6:45  Probe  
  102  6:46  Pylon, Assimilator  
  105  6:49  Immortal  
  105  6:51  Immortal  
  113  7:04  Pylon  
  113  7:16  Sentry x2  
  113  7:19  Immortal  
  113  7:20  Immortal  
  113  7:21  Charge  
  117  7:26  Gateway  
  117  7:27  Gateway  
  121  7:31  Pylon  
  121  7:34  Pylon  
  121  7:36  Pylon  
  125  7:44  Gateway  
  125  7:46  Gateway  
  125  7:47  Gateway  
  125  7:48  Immortal  
  125  7:50  Pylon, Immortal  
  125  7:51  Templar Archives  
  133  8:13  Gateway  
  133  8:14  Gateway  
  133  8:19  Gateway  
  133  8:21  Gateway  
  133  8:22  Photon Cannon, Sentry  
  133  8:23  Zealot x3  
  133  8:25  Zealot  
  143  8:32  Warp Prism  
  146  8:34  Observer  
  146  8:41  Pylon  
  146  8:43  High Templar x3, Pylon  
  146  8:44  High Templar  
  146  8:48  Pylon, Archon x2  
  154  8:49  High Templar x2, Pylon  
  154  8:52  Pylon  
  158  8:59  Pylon  
  152  9:07  Archon  
  152  9:08  Zealot x3  
  158  9:18  Sentry, Zealot x6  
  172  9:34  High Templar x2  
  172  9:35  Zealot x3  
  182  9:38  Archon  
  182  9:42  Adept x2  
  182  9:43  Zealot x2  
  182  9:44  Zealot x2  
  194  10:06  Zealot x9  
  115  10:30  Zealot x6  
  115  10:31  Zealot x5  
  121  10:50  High Templar x7  
  121  10:53  Zealot x5  
  121  10:54  Archon  
  121  10:55  Archon x2  
Show
View Real Time Build Order
Export as new Build Order

Guguss Zerg 

Build Orders: Hatch First 

Get SALT Encoding   

  12  0:01  Drone  
  13  0:12  Overlord  
  13  0:18  Drone  
  14  0:30  Drone  
  14  0:31  Drone  
  16  0:50  Hatchery  
  16  0:52  Drone  
  16  0:55  Drone  
  17  0:59  Drone  
  18  1:10  Extractor  
  17  1:15  Spawning Pool  
  17  1:18  Drone  
  17  1:21  Drone  
  18  1:29  Drone  
  19  1:38  Overlord  
  19  2:01  Queen  
  19  2:02  Queen, Zergling x4  
  19  2:04  Drone  
  26  2:12  Drone  
  26  2:14  Drone  
  28  2:22  Drone  
  29  2:23  Metabolic Boost  
  29  2:25  Drone  
  30  2:35  Drone  
  30  2:36  Drone  
  32  2:43  Hatchery  
  31  2:47  Queen  
  33  2:51  Overlord  
  33  2:56  Drone  
  33  2:57  Drone  
  35  3:03  Drone  
  36  3:12  Drone  
  36  3:13  Drone x2  
  36  3:18  Drone x3  
  41  3:23  Spore Crawler  
  41  3:25  Queen  
  42  3:27  Zergling x2  
  42  3:32  Overlord  
  43  3:36  Evolution Chamber  
  43  3:40  Overlord  
  42  3:45  Zergling x2  
  42  3:47  Overlord x2  
  43  3:56  Zergling x2  
  43  3:57  Zergling x6  
  43  3:59  Drone x3  
  50  4:04  Zerg Melee Weapons Level 1  
  50  4:07  Drone  
  50  4:09  Drone  
  52  4:13  Spore Crawler, Queen  
  52  4:15  Drone x3  
  56  4:18  Drone  
  56  4:23  Drone x3  
  60  4:26  Overlord  
  60  4:28  Drone  
  60  4:29  Drone  
  61  4:32  Spore Crawler  
  61  4:34  Drone  
  61  4:36  Drone  
  62  4:40  Drone x2  
  62  4:45  Extractor x2  
  62  4:46  Roach Warren  
  62  4:49  Drone  
  62  4:50  Drone  
  62  4:51  Drone x2  
  62  4:52  Overlord  
  65  5:00  Overlord  
  65  5:06  Drone x3  
  67  5:21  Overlord  
  67  5:22  Lair  
  67  5:25  Drone x3  
  67  5:27  Roach x8  
  86  5:38  Drone  
  86  5:39  Drone x3  
  86  5:41  Drone x4  
  94  5:43  Extractor  
  94  5:47  Spore Crawler  
  94  5:48  Spore Crawler  
  94  5:49  Spore Crawler  
  90  5:52  Spore Crawler x2, Drone x2  
  90  5:57  Drone  
  90  5:58  Spore Crawler, Drone x4  
  90  6:02  Drone  
  93  6:05  Drone x3  
  93  6:08  Drone x2  
  96  6:13  Overlord  
  96  6:14  Evolution Chamber  
  96  6:15  Queen  
  95  6:18  Drone  
  95  6:19  Drone x3  
  95  6:25  Hydralisk Den  
  98  6:29  Spore Crawler  
  98  6:31  Overlord  
  97  6:35  Drone x2  
  97  6:37  Zerg Melee Weapons Level 2  
  97  6:42  Overlord  
  97  6:46  Extractor  
  96  6:47  Extractor, Drone x3  
  96  6:48  Drone x2  
  100  6:55  Overlord  
  100  6:58  Hatchery  
  100  6:59  Grooved Spines  
  100  7:00  Zerg Missile Weapons Level 1  
  99  7:03  Hydralisk, Drone  
  99  7:04  Baneling Nest, Hydralisk  
  103  7:12  Hydralisk x2  
  103  7:13  Hydralisk x2  
  107  7:16  Hydralisk  
  109  7:26  Hydralisk x5  
  119  7:36  Hydralisk  
  118  7:37  Hydralisk x3  
  126  7:49  Centrifical Hooks  
  126  7:54  Drone  
  126  7:55  Drone x2  
  129  7:59  Zergling x2  
  129  8:00  Zergling x14  
  137  8:07  Overlord, Extractor  
  137  8:08  Drone x2  
  137  8:10  Muscular Augments  
  137  8:11  Queen  
  137  8:12  Hydralisk x2  
  142  8:15  Overlord  
  142  8:16  Overlord  
  144  8:20  Overseer  
  144  8:22  Overlord  
  144  8:28  Zergling x2  
  144  8:29  Zergling x14  
  152  8:42  Zergling x2  
  152  8:43  Zergling x12  
  152  8:48  Hydralisk x5  
  159  8:51  Infestation Pit  
  159  8:55  Zerg Ground Armor Level 1  
  168  9:06  Zergling x16  
  175  9:18  Lurker Den  
  175  9:20  Roach  
  175  9:23  Overlord, Glial Reconstitution  
  175  9:24  Overlord  
  175  9:32  Baneling x9  
  175  9:33  Baneling x24  
  175  9:42  Roach x7  
  188  9:50  Baneling  
  188  9:51  Baneling x5  
  145  10:09  Zergling x2  
  145  10:10  Zergling x10  
  145  10:11  Zergling x20  
  137  10:17  Zergling x2  
  137  10:18  Zergling x16  
  117  10:24  Roach x2  
  117  10:25  Hydralisk  
  117  10:26  Hydralisk x3  
  120  10:29  Baneling x2  
  120  10:30  Baneling  
  114  10:40  Baneling x2  
  114  10:41  Baneling  
  109  10:44  Roach  
  109  10:46  Baneling  
  109  10:48  Baneling  
Tags
 
Add a new tag
Caveats
  • Supply blocks, unpowered buildings, or Contaminate may cause inaccurate times.
  • Supply counts are checked every 10 seconds.